 Dungeon Crawl Stone Soup version 0.22-a0-482-g76e0a5f (webtiles) character file.

33631 Amnesiac the Necromancer (level 13, 0/88 HPs)
             Began as a Mummy Necromancer on June 17, 2018.
             Was a High Priest of Sif Muna.
             Slain by a shadow dragon (4 damage)
             ... on level 12 of the Dungeon.
             The game lasted 00:50:25 (16821 turns).

Amnesiac the Necromancer (Mummy Necromancer)       Turns: 16821, Time: 00:50:26

Health: 0/88       AC: 19    Str: 11    XL:     13   Next: 37%
Magic:  21/30      EV: 20    Int: 20    God:    Sif Muna [*****.]
Gold:   349        SH:  0    Dex: 12    Spells: 4/38 levels left

rFire    x . .     SeeInvis +   b - +6 war axe of Causality {venom, SInv}
rCold    + . .     Gourm    .   (no shield)
rNeg     + + +     Faith    .   k - +0 steam dragon scales
rPois    ∞         Spirit   .   z - +2 helmet {SInv}
rElec    +         Reflect  .   e - +0 cloak
rCorr    .         Harm     .   v - +1 pair of gloves "Himups" {rElec}
MR       +....                  w - +2 pair of boots
Stlth    ++........             (no amulet)
HPRegen  0.24/turn              p - +5 ring of protection
MPRegen  0.22/turn              h - +6 ring of evasion

@: confusing touch, divine energy
A: no food or potions, fire vulnerability, cold resistance 1, negative energy
resistance 3, torment resistance, unbreathing, in touch with death 1
a: Stop Divine Energy, Channel Magic, Forget Spell, Renounce Religion


You were on level 12 of the Dungeon.
You worshipped Sif Muna.
Sif Muna was extremely pleased with you.
You were not hungry.

You visited 4 branches of the dungeon, and saw 16 of its levels.

You collected 1565 gold pieces.
You spent 1216 gold pieces at shops.

Inventory:

Hand Weapons
 a - a +0 dagger of pain
 b - the +6 war axe of Causality (weapon) {venom, SInv}
   (You found it on level 4 of the Dungeon)

   It poisons the flesh of those it strikes.
   It lets you see invisible.
Armour
 e - a +0 cloak (worn)
 k - +0 steam dragon scales (worn)
 u - the +1 helmet "Hyafub" {-Tele rC+ rCorr Str+3}
   (You found it on level 10 of the Dungeon)

   It affects your strength (+3).
   It protects you from cold.
   It prevents most forms of teleportation.
   It protects you from acid and corrosion.
 v - the +1 pair of gloves "Himups" (worn) {rElec}
   (You bought it in a shop on level 2 of the Orcish Mines)

   It insulates you from electricity.
 w - a +2 pair of boots (worn)
 z - a +2 helmet of see invisible (worn)
Jewellery
 h - a +6 ring of evasion (right hand)
 p - a +5 ring of protection (left hand)
Wands
 i - a wand of flame (83)
 j - a wand of paralysis (17)
 m - a wand of digging (10)
 r - a wand of acid (8)
 t - a wand of random effects (39)
 x - a wand of scattershot (4)
Scrolls
 c - 8 scrolls of teleportation {!r}
 d - 2 scrolls of remove curse {!r}
 f - 3 scrolls of fog {!r}
 g - 2 scrolls of blinking {!r}
 q - 3 scrolls of fear {!r}
 y - 2 scrolls of amnesia {!r}


   Skills:
 + Level 3.9 Fighting
 * Level 5.2 Dodging
 - Level 1.5 Stealth
 - Level 13.0 Spellcasting
 * Level 16.5 Necromancy
 - Level 8.0 Invocations


You had 4 spell levels left.
You knew the following spells:

 Your Spells              Type           Power        Failure   Level  Hunger
a - Bolt of Draining      Conj/Necr      ######....   4%          5    N/A
b - Spectral Weapon       Hex/Chrm       ##......     16%         3    N/A
c - Apportation           Tloc           ##....       4%          1    N/A
d - Agony                 Necr           #######.     1%          5    N/A
e - Vampiric Draining     Necr           #######...   1%          3    N/A
f - Confuse               Hex            ##......     16%         3    N/A
g - Infestation           Necr           #######...   36%         8    N/A
s - Conjure Flame         Conj/Fire      ##......     16%         3    N/A
v - Blink                 Tloc           N/A          8%          2    N/A
z - Confusing Touch       Hex            ##....       4%          1    N/A

Your spell library contained the following spells:

 Spells                   Type           Power        Failure   Level  Hunger
 Cause Fear               Hex            ##........   45%         4    N/A
 Magic Dart               Conj           ##..         4%          1    N/A
 Lightning Bolt           Conj/Air       ##........   80%         5    N/A
 Slow                     Hex            ##......     8%          2    N/A
 Throw Frost              Conj/Ice       ##....       8%          2    N/A
 Mephitic Cloud           Conj/Pois/Air  ##......     16%         3    N/A
 Venom Bolt               Conj/Pois      ##........   80%         5    N/A
 Summon Small Mammal      Summ           ##..         4%          1    N/A
 Lehudib's Crystal Spear  Conj/Erth      ##........   100%        8    N/A
 Animate Dead             Necr           N/A          1%          4    N/A
 Pain                     Necr           ####         0%          1    N/A
 Animate Skeleton         Necr           N/A          0%          1    N/A
 Call Imp                 Summ           ##......     8%          2    N/A
 Regeneration             Chrm/Necr      ######....   1%          3    N/A
 Tukima's Dance           Hex            ##......     16%         3    N/A
 Stone Arrow              Conj/Erth      ##....       16%         3    N/A
 Ensorcelled Hibernation  Hex/Ice        ##....       8%          2    N/A
 Metabolic Englaciation   Hex/Ice        ##........   80%         5    N/A
 Corona                   Hex            ##.....      4%          1    N/A
 Portal Projectile        Hex/Tloc       ##....       16%         3    N/A
 Orb of Destruction       Conj           ##........   100%        7    N/A
 Darkness                 Hex            ##........   100%        6    N/A
 Shroud of Golubria       Chrm/Tloc      ##........   8%          2    N/A
 Inner Flame              Hex/Fire       ##......     16%         3    N/A
 Iskenderun's Battlesphe  Conj/Chrm      ##......     80%         5    N/A
 Dazzling Spray           Conj/Hex       ##....       16%         3    N/A
 Infusion                 Chrm           ##..         4%          1    N/A
 Song of Slaying          Chrm           ##......     8%          2    N/A
 Discord                  Hex            ##........   100%        8    N/A
 Summon Guardian Golem    Hex/Summ       ##......     16%         3    N/A
 Spellforged Servitor     Conj/Summ      ##........   100%        7    N/A

Dungeon Overview and Level Annotations

Branches:
Dungeon (12/15)            Temple (1/1) D:7            Lair (1/6) D:10
    Orc (2/2) D:11            Elf (0/3) Orc:2

Altars:
Ashenzari
Cheibriados
Dithmenos
Elyvilon
Fedhas
Gozag
Hepliaklqana
Kikubaaqudgha
Makhleb
Nemelex Xobeh
Okawaru
Qazlal
Ru
Sif Muna
Trog
Uskayaw
Vehumet
Wu Jian
Xom
Yredelemnul
Zin
The Shining One
Beogh
Lugonu

Shops:
D:7 :[[   Orc:2 :(*[

Annotations:
D:4 PegasusDuck's ghost, amateur TeMo
D:6 Findor's ghost, novice GnWn


Innate Abilities, Weirdness & Mutations

You do not eat or drink.
Your flesh is vulnerable to fire.
You are immune to poison.
Your flesh is cold resistant. (rC+)
You are immune to negative energy. (rN+++)
You are immune to unholy pain and torment.
You can survive without breathing.
You are in touch with the powers of death.


Message History

The shadow dragon claws you!
You can't drink.
Casting: Conjure Flame (safe; 16% risk of failure)
Confirm with . or Enter, or press ? or * to list all spells.
Okay, then.
Wield which item (- for none, * to show all)? (? for menu, Esc to quit)
The +6 war axe of Causality {venom, SInv} stops dripping with poison.
You are now empty-handed.
Casting: Conjure Flame (safe; 16% risk of failure)
Confirm with . or Enter, or press ? or * to list all spells.
Your hands begin to glow red.
The shadow dragon is engulfed in blazing flames.
The shadow dragon bites you but does no damage.
The shadow dragon claws you.
The shadow dragon claws you but does no damage.
Really attack barehanded?
You hit the shadow dragon but do no damage.
The shadow dragon is heavily wounded.
The shadow dragon is engulfed in blazing flames.
The shadow dragon misses you.
The shadow dragon claws you but does no damage. x2
You closely miss the shadow dragon.
The shadow dragon is heavily wounded.
The shadow dragon is engulfed in blazing flames.
The shadow dragon barely misses you.
The shadow dragon claws you but does no damage. x2
You hit the shadow dragon but do no damage.
The shadow dragon is severely wounded.
The shadow dragon is engulfed in blazing flames.
The shadow dragon bites you but does no damage.
The shadow dragon claws you but does no damage. x2
You hit the shadow dragon but do no damage.
The shadow dragon is severely wounded.
The shadow dragon is engulfed in blazing flames.
The shadow dragon bites you.
* * * LOW HITPOINT WARNING * * *
The shadow dragon claws you!
* * * LOW HITPOINT WARNING * * *
The shadow dragon misses you.
Wield which item (- for none, * to show all)? (? for menu, Esc to quit)
The +6 war axe of Causality {venom, SInv} begins to drip with poison!
b - the +6 war axe of Causality (weapon)
{venom, SInv} The shadow dragon is engulfed in blazing flames.
The shadow dragon bites you!
* * * LOW HITPOINT WARNING * * *
The shadow dragon claws you.
* * * LOW HITPOINT WARNING * * *
The shadow dragon completely misses you.
You hit the shadow dragon but do no damage.
The shadow dragon is severely wounded.
The shadow dragon is engulfed in blazing flames.
The shadow dragon closely misses you. The shadow dragon claws you.
* * * LOW HITPOINT WARNING * * *
The shadow dragon completely misses you.
You hit the shadow dragon.
The shadow dragon is poisoned.
The shadow dragon is almost dead.
The shadow dragon is engulfed in blazing flames.
The shadow dragon bites you!
* * * LOW HITPOINT WARNING * * *
The shadow dragon claws you!
* * * LOW HITPOINT WARNING * * *
The shadow dragon completely misses you.
The shadow dragon misses you. The shadow dragon claws you.
You die...

#.#..#.#.#.#
#.##...##.
#......#...#
#.##.#.###
##########.#
#.##.#.#
###.#
#......#
..#.#
###...##
#.#.# #...#
#.#)# ##.##
#D#.# #.#
#.#@# #.# ##
#.D.# #.# #.
##### #.# #.
#.####.
#......
######. ##


You could see a shadow dragon.

Vanquished Creatures
  Rupert (D:12)
  An orc warlord (Orc:2)
  2 ettins
  3 hydras
  2 two-headed ogres
  2 orc high priests (Orc:2)
  Nergalle (D:11)
  2 unseen horrors
  5 orc knights
  3 deep elf magi
  A wolf spider (D:12)
  2 orc sorcerers (Orc:2)
  2 manticores (D:12)
  3 ugly things
  3 cyclopes
  A guardian serpent (shapeshifter) (D:12)
  A spiny frog (Lair:1)
  3 kobold demonologists (D:10)
  2 trolls
  2 blink frogs (Lair:1)
  A slime creature (D:12)
  A hornet (D:9)
  A hippogriff (D:12)
  3 wyverns
  6 yaks (D:12)
  A vampire (D:12)
  A wraith (D:10)
  A steam dragon (D:12)
  5 hungry ghosts
  5 wargs
  An acid dragon (D:12)
  A swamp drake (Orc:1)
  25 orc warriors
  4 ice beasts
  2 sky beasts
  A necrophage (D:10)
  4 centaurs
  6 ogres
  3 phantoms
  A crocodile (Lair:1)
  A big kobold (D:4)
  7 bullfrogs
  5 scorpions
  9 killer bees
  2 wights (D:12)
  7 howler monkeys
  2 centaur zombies
  8 crimson imps
  6 hounds
  4 quasits
  5 bullfrog skeletons
  19 orc priests
  7 jellies
  25 orc wizards
  2 centaur skeletons
  An iron imp (Orc:1)
  6 iguanas
  12 worker ants
  A hound zombie (D:6)
  2 hound skeletons
  2 worker ant zombies
  10 gnolls
  13 adders
  2 shadow imps
  A white imp (Orc:1)
  7 oozes
  3 adder zombies
  An adder skeleton (D:9)
  4 dart slugs
  7 leopard geckos
  71 orcs
  13 bats
  3 giant cockroaches (D:1)
  22 hobgoblins
  16 jackals
  2 quokkas
  A ball python (D:4)
  2 frilled lizards
  40 goblins
  9 kobolds
  3 rats
478 creatures vanquished.

Vanquished Creatures (collateral kills)
  A wight (D:12)
1 creature vanquished.

Vanquished Creatures (others)
  A fungus (Lair:1)
  A plant (D:10)
  6 spectral weapons
8 creatures vanquished.

Grand Total: 487 creatures vanquished

Notes
Turn   | Place    | Note
-------+----------+-------------------------------------------
     0 | D:1      | Amnesiac the Mummy Necromancer began the quest for the Orb.
     0 | D:1      | Reached XP level 1. HP: 13/13 MP: 4/4
   259 | D:2      | Reached XP level 2. HP: 20/20 MP: 1/5
   374 | D:2      | Reached skill level 1 in Fighting
   791 | D:4      | Noticed PegasusDuck's ghost (amateur TeMo)
   944 | D:3      | Reached XP level 3. HP: 23/26 MP: 7/7
   949 | D:3      | Learned a level 3 spell: Vampiric Draining
  1172 | D:4      | Reached XP level 4. HP: 16/33 MP: 0/8
  1595 | D:4      | Reached XP level 5. HP: 24/38 MP: 9/9
  1705 | D:4      | Got an ivory war axe
  1838 | D:4      | Found a hide-covered altar of Uskayaw.
  1840 | D:4      | Found an ornate altar of the Wu Jian Council.
  1842 | D:4      | Found a deep blue altar of Sif Muna.
  1846 | D:4      | Became a worshipper of Sif Muna the Loreminder
  2602 | D:1      | Identified the +6 war axe of Causality {venom, SInv} (You found it on level 4 of the Dungeon)
  2869 | D:2      | Reached skill level 5 in Necromancy
  3253 | D:3      | Reached * piety under Sif Muna
  3418 | D:3      | Reached XP level 6. HP: 29/44 MP: 11/11
  3934 | D:4      | Reached skill level 6 in Necromancy
  3939 | D:4      | Reached ** piety under Sif Muna
  4063 | D:4      | Reached XP level 7. HP: 43/50 MP: 8/14
  4401 | D:4      | Reached skill level 5 in Spellcasting
  4481 | D:5      | Entered Level 5 of the Dungeon
  4525 | D:5      | Found an opulent altar of Gozag.
  4689 | D:5      | Reached skill level 7 in Necromancy
  5085 | D:5      | Learned a level 3 spell: Confuse
  5320 | D:6      | Reached XP level 8. HP: 38/56 MP: 2/17
  5333 | D:6      | Found a radiant altar of Vehumet.
  5365 | D:6      | Reached *** piety under Sif Muna
  5393 | D:6      | Noticed Findor's ghost (novice GnWn)
  5452 | D:6      | Noticed an angel
  5453 | D:6      | Found a glowing silver altar of Zin.
  5455 | D:6      | Found a shimmering altar of Xom.
  5498 | D:6      | Reached skill level 8 in Necromancy
  5986 | D:7      | Learned a level 3 spell: Spectral Weapon
  6017 | D:7      | Reached skill level 9 in Necromancy
  6048 | D:7      | Reached **** piety under Sif Muna
  6073 | D:7      | Reached XP level 9. HP: 3/61 MP: 0/20
  6172 | D:7      | Reached skill level 10 in Necromancy
  6290 | D:7      | Found Kazxelih's Antique Armour Boutique.
  6295 | D:7      | Bought a pair of glowing boots for 172 gold pieces
  6311 | D:7      | Bought a runed leather armour for 115 gold pieces
  6407 | D:7      | Found Fexef's Armour Boutique.
  6427 | D:7      | Found Gouqec's Book Shop.
  6725 | D:7      | Found a staircase to the Ecumenical Temple.
  6876 | Temple   | Entered the Ecumenical Temple
  7527 | D:8      | Reached skill level 11 in Necromancy
  7822 | D:9      | Learned a level 1 spell: Apportation
  7824 | D:9      | Learned a level 1 spell: Confusing Touch
  7837 | D:9      | Found a white marble altar of Elyvilon.
  7851 | D:9      | Reached ***** piety under Sif Muna
  7963 | D:9      | Identified Sif Muna's Volume of Sinister Confrontation (Sif Muna gifted it to you on level 9 of the Dungeon)
  7963 | D:9      | Received a gift from Sif Muna
  7972 | D:9      | Learned a level 5 spell: Agony
  8109 | D:9      | Reached XP level 10. HP: 52/67 MP: 7/23
  8408 | D:9      | Reached skill level 12 in Necromancy
  8415 | D:9      | Reached skill level 10 in Spellcasting
  8810 | D:10     | Entered Level 10 of the Dungeon
  9228 | D:10     | Found a staircase to the Lair.
  9289 | Lair:1   | Entered Level 1 of the Lair of Beasts
  9289 | Lair:1   | Noticed a spiny frog
  9293 | Lair:1   | Killed a spiny frog
  9310 | Lair:1   | Noticed an eight-headed hydra
  9316 | Lair:1   | Killed an eight-headed hydra
  9384 | Lair:1   | Reached skill level 13 in Necromancy
  9591 | D:10     | Found a corrupted altar of Lugonu.
  9602 | D:10     | Noticed a sixfirhy
  9603 | D:10     | Noticed a soul eater
  9773 | D:10     | Noticed an orange demon
  9776 | D:10     | Noticed a rust devil
  9777 | D:10     | Noticed an orange demon
  9779 | D:10     | Identified Sif Muna's Disquisition on Conjuration (Sif Muna gifted it to you on level 10 of the Dungeon)
  9779 | D:10     | Received a gift from Sif Muna
  9808 | D:10     | Noticed a sixfirhy
  9813 | D:10     | Reached XP level 11. HP: 72/72 MP: 2/26
  9820 | D:10     | Learned a level 5 spell: Bolt of Draining
  9996 | D:10     | Killed an unseen horror
 10108 | D:10     | Got a jewelled helmet
 10362 | D:11     | Learned a level 3 spell: Conjure Flame
 10370 | D:11     | Noticed a two-headed ogre
 10375 | D:11     | Killed a two-headed ogre
 10375 | D:11     | Reached skill level 14 in Necromancy
 10519 | D:11     | Found Ughuawyw's Antique Armour Boutique.
 10706 | D:11     | Noticed Nergalle
 10720 | D:11     | Killed Nergalle
 10720 | D:11     | Noticed a white ugly thing
 10725 | D:11     | Killed a white ugly thing
 10874 | D:11     | Found a staircase to the Orcish Mines.
 10887 | D:11     | Found a roughly hewn altar of Beogh.
 11029 | Orc:1    | Entered Level 1 of the Orcish Mines
 11029 | Orc:1    | Noticed an orc knight
 11033 | Orc:1    | Killed an orc knight
 11417 | Orc:1    | Noticed a deep elf mage
 11421 | Orc:1    | Killed a deep elf mage
 11421 | Orc:1    | Identified Sif Muna's Papyrus of Confrontation (Sif Muna gifted it to you on level 1 of the Orcish Mines)
 11421 | Orc:1    | Received a gift from Sif Muna
 11421 | Orc:1    | Reached skill level 15 in Necromancy
 11432 | Orc:1    | Learned a level 2 spell: Blink
 11434 | Orc:1    | Noticed a deep elf mage
 11438 | Orc:1    | Killed a deep elf mage
 11482 | Orc:1    | Identified the +1 helmet "Hyafub" {-Tele rC+ rCorr Str+3} (You found it on level 10 of the Dungeon)
 11578 | Orc:1    | Learned a level 8 spell: Infestation
 11581 | Orc:1    | Noticed an ettin
 11586 | Orc:1    | Killed an ettin
 11779 | Orc:2    | Entered Level 2 of the Orcish Mines
 11779 | Orc:2    | Noticed an orc high priest
 12020 | Orc:1    | Noticed an orc knight
 12026 | Orc:2    | Reached XP level 12. HP: 73/78 MP: 19/29
 12303 | Orc:2    | Killed an orc high priest
 12729 | Orc:2    | Reached skill level 16 in Necromancy
 12732 | Orc:2    | Noticed an orc warlord
 12750 | Orc:2    | Reached skill level 1 in Invocations
 13477 | Orc:2    | Found a roughly hewn altar of Beogh.
 13478 | Orc:2    | Noticed an orc high priest
 13491 | Orc:2    | Killed an orc high priest
 13618 | Orc:2    | Reached skill level 5 in Invocations
 13631 | Orc:2    | Killed an orc warlord
 13756 | Orc:2    | Found Dolalos's Antique Armour Emporium.
 13833 | Orc:2    | Found Gotutteu's General Store.
 13872 | Orc:2    | Found Vorrum's Book Emporium.
 13888 | Orc:2    | Found Hiagekh's Antique Weapon Emporium.
 14005 | Orc:2    | Found a staircase to the Elven Halls.
 14673 | Orc:2    | Bought a pair of distressingly furry gloves for 313 gold pieces
 14683 | Orc:2    | Identified the +1 pair of gloves "Himups" {rElec} (You bought it in a shop on level 2 of the Orcish Mines)
 14683 | Orc:2    | Bought a runed helmet for 247 gold pieces
 14683 | Orc:2    | Bought a shiny helmet for 247 gold pieces
 14683 | Orc:2    | Bought a runed robe for 122 gold pieces
 15050 | D:12     | Noticed a two-headed ogre
 15060 | D:12     | Killed a two-headed ogre
 15072 | D:12     | Noticed a five-headed hydra
 15149 | D:12     | Killed a five-headed hydra
 15439 | D:12     | Gained mutation: You are in touch with the powers of death. [Mummy growth]
 15439 | D:12     | Reached XP level 13. HP: 75/85 MP: 18/30
 16094 | D:12     | Noticed Rupert
 16103 | D:12     | Identified Hoxka's Incunabulum of the Oath (Sif Muna gifted it to you on level 12 of the Dungeon)
 16103 | D:12     | Received a gift from Sif Muna
 16116 | D:12     | Killed Rupert
 16546 | D:12     | Reached skill level 5 in Dodging
 16715 | D:12     | Noticed an ettin
 16718 | D:12     | Killed an ettin
 16804 | D:12     | Noticed a shadow dragon
 16821 | D:12     | HP: 4/88 [shadow dragon (7)]
 16821 | D:12     | Slain by a shadow dragon

Vault maps used:
D:1:      lightli_arrival_statuegarden
D:2:      first_ration, corexii_shack
D:4:      minmay_goblin_kobold_castle, grunt_temple_overflow_diamond
D:5:      basic_altar
D:6:      grunt_temple_overflow_order_and_chaos_1, fiery_altar_vehumet
D:7:      minmay_temple_entry_enclosed_plants, serial_shops, shop,
          nicolae_shop_trees, shop, grunt_decor_arrowhead
D:8:      hangedman_little_slice_of_home
D:9:      old_standard_altar
D:10:     kennysheep_kobold_lugonu_temple, erik_lair_orcish_takeover
D:11:     minmay_orc_entry_temple_small, serial_shops,
          nicolae_shop_overgrown_old_shop, uniq_nergalle
D:12:     minmay_two_paths, uniq_rupert
Temple:   regret_index_temple_generic_petals
Lair:1:   beast_lair_carwin_3, minmay_lair_oklob_chamber, grunt_megastairs_1,
          uniq_erica
Orc:1:    hangedman_minor_magic
Orc:2:    grunt_orc_cross

Skill      XL: |  1  2  3  4  5  6  7  8  9 10 11 12 13 |
---------------+----------------------------------------+-----
Dodging        | 2 3 5 |  5.2
Spellcasting   | 3 4 6 7 9 11 13 | 13.0
Fighting       | 1 2 3 |  3.9
Necromancy     | 5 6 7 9 11 13 15 16 | 16.5
Invocations    | 8 |  8.0
Stealth        | |  1.5

Action                   |  1- 3 |  4- 6 |  7- 9 | 10-12 | 13-15 || total
-------------------------+-------+-------+-------+-------+-------++-------
Melee: War axe           |       |    50 |    49 |   120 |    20 ||   239
       Dagger            |       |    96 |   471 |   398 |    11 ||   976
       Unarmed           |       |       |     3 |     8 |     4 ||    15
 Fire: Hunting sling     |    56 |   116 |       |       |       ||   172
 Cast: Pain              |    19 |     7 |       |       |       ||    26
       Vampiric Draining |     3 |    22 |    66 |    66 |       ||   157
       Confuse           |       |       |    14 |       |       ||    14
       Spectral Weapon   |       |       |     3 |     9 |     5 ||    17
       Agony             |       |       |     6 |    38 |       ||    44
       Confusing Touch   |       |       |     2 |     4 |     1 ||     7
       Bolt of Draining  |       |       |       |   117 |    39 ||   156
       Conjure Flame     |       |       |       |     1 |     4 ||     5
       Infestation       |       |       |       |       |     1 ||     1
Invok: Divine Energy     |       |     1 |       |       |       ||     1
Evoke: Wand              |       |       |     1 |     2 |       ||     3
  Use: Scroll            |       |     5 |     7 |    10 |       ||    22
 Stab: Confused          |       |       |     3 |     1 |       ||     4
       Sleeping          |       |       |     1 |       |       ||     1
       Fleeing           |       |       |       |     1 |       ||     1
       Distracted        |       |       |       |     1 |       ||     1
Armor: Robe              |    12 |    47 |   104 |       |       ||   163
       Leather armour    |       |       |    93 |   227 |       ||   320
       Steam dragon scal |       |       |       |     5 |    30 ||    35
Dodge: Dodged            |    27 |   162 |   367 |   559 |    65 ||  1180

Table legend:
 A = Spawn XP
 B = Non-spawn XP
 C = Spawn XP percentage of total XP
 D = Spawn monster count
 E = Non-spawn monster count
 F = Spawn count percentage of total count
 G = Total turns spent on level
                    A         B        C        D         E        F      G
               +---------+---------+-------+---------+---------+-------+---------
         Total |       0 |   48045 |   0.0 |       0 |     479 |   0.0 | 16821
               +---------+---------+-------+---------+---------+-------+---------
           D:1 |       0 |      41 |   0.0 |       0 |      20 |   0.0 |  1198
           D:2 |       0 |      88 |   0.0 |       0 |      20 |   0.0 |   831
           D:3 |       0 |     178 |   0.0 |       0 |      34 |   0.0 |   912
           D:4 |       0 |     604 |   0.0 |       0 |      81 |   0.0 |  1540
           D:5 |       0 |     423 |   0.0 |       0 |      12 |   0.0 |   755
           D:6 |       0 |     357 |   0.0 |       0 |      10 |   0.0 |   612
           D:7 |       0 |    1621 |   0.0 |       0 |      25 |   0.0 |  1055
           D:8 |       0 |    1203 |   0.0 |       0 |      23 |   0.0 |   622
           D:9 |       0 |    1938 |   0.0 |       0 |      21 |   0.0 |  1327
          D:10 |       0 |    4269 |   0.0 |       0 |      39 |   0.0 |  1166
          D:11 |       0 |    4619 |   0.0 |       0 |      35 |   0.0 |   768
          D:12 |       0 |   14470 |   0.0 |       0 |      41 |   0.0 |  1890
        Lair:1 |       0 |    2073 |   0.0 |       0 |       5 |   0.0 |   149
         Orc:1 |       0 |    5137 |   0.0 |       0 |      51 |   0.0 |  1144
         Orc:2 |       0 |   11024 |   0.0 |       0 |      62 |   0.0 |  2622
               +---------+---------+-------+---------+---------+-------+---------
